[Event "Bangabandhu Premier Div League 2022"]
[Site "Dhaka"]
[Date "2022.12.07"]
[Round "8.1"]
[White "Mohammed Abdul, Malek"]
[Black "Anata, Choudhury"]
[Result "1/2-1/2"]
[ECO "A33"]
[WhiteElo "2152"]
[BlackElo "2176"]
[Annotator "TA"]
[PlyCount "62"]
[EventDate "2022.11.30"]
[EventType "team-tourn"]
[EventCountry "BAN"]
[SourceTitle "playchess.com"]
[Source "ChessBase"]
[SourceQuality "1"]
[TimeControl "40/5400+30:1800+30"]

1. d4 Nf6 2. Nf3 e6 3. g3 c5 4. Bg2 Nc6 5. O-O cxd4 6. Nxd4 Bc5 7. Nb3 Be7 8. c4 O-O 9. Nc3 d6 10. Bg5 {[%emt 0:06:22] A33: Symmetrical English: 2 Nf3 Nf6 3 d4 cxd4 4 Nxd4 e6 5 Nc3 Nc6.} Ne5 11. Qd4 h6 12. Bf4 Nc6 13. Qd2 {[%emt 0:01:29] [#]} e5 $146 ({Predecessor:} 13... g5 14. Be3 Ne5 15. Qd4 Nc6 16. Qd2 Ne5 17. Qd4 Nc6 18. Qd2 {½-½ (16) Maze,S (2578)-Safarli,E (2662) Skopje 2019}) 14. Be3 Be6 15. Nd5 Ng4 16. Rac1 Nxe3 (16... Rc8 {seems wilder.} 17. Rfd1 Re8 18. Qd3 Nxe3 19. Nxe3 Nb4) 17. Nxe7+ Qxe7 18. Qxe3 Rfd8 19. Rfd1 Rac8 20. Bd5 a6 21. a3 Rc7 22. Qb6 Rdc8 23. e4 Qf6 24. Rd3 Bh3 25. Rcd1 Qe7 26. Qe3 Bg4 27. f3 Be6 28. Bxe6 Qxe6 {[%emt 0:00:00] The position is equal.} 29. Rxd6 Qxc4 30. Rc1 Qa4 ({Don't take} 30... Qb5 31. Rd5 Qa4 32. Nc5 $16) 31. Kg2 Na5 {[%emt 0:00:28] An even fight not without its subleties.   Weighted Error Value: White=0.06 (flawless) /Black=0.05 (flawless)} 1/2-1/2

[Event "Bangabandhu Premier Div League 2022"]
[Site "Dhaka"]
[Date "2022.12.07"]
[Round "8.1"]
[White "Haque, Rezaul"]
[Black "Nayem, Haque"]
[Result "1/2-1/2"]
[ECO "A06"]
[WhiteElo "1949"]
[BlackElo "2189"]
[Annotator "TA"]
[PlyCount "85"]
[EventDate "2022.12.01"]
[EventCountry "BAN"]
[SourceTitle "playchess.com"]
[Source "ChessBase"]
[SourceQuality "1"]
[TimeControl "40/5400+30:1800+30"]

1. Nf3 d5 2. d3 Nf6 3. Bg5 e6 4. Nbd2 Be7 5. c3 c5 6. e4 {[%emt 0:00:30] A06: Réti Opening: 1 Nf3 d5.} Nc6 {[%emt 0:01:00] [#]} 7. a4 $146 ({Predecessor:} 7. Be2 O-O 8. O-O h6 9. Bh4 b6 10. e5 Nd7 11. Bxe7 Qxe7 12. d4 a5 13. Bd3 Ba6 14. Bxa6 Rxa6 15. Qe2 Ra7 {0-1 (50) Haque,R (2121)-Hossain,E (2443) Dhaka 2016}) 7... O-O 8. Be2 {[%emt 0:00:30] Black has an edge.} Qb6 9. Qc2 h6 10. Bh4 Qc7 11. O-O b6 12. Rfe1 Bb7 13. Bf1 Rac8 14. Rac1 Rfe8 15. Qb1 Qd8 16. e5 {[%emt 0:00:00] Against g5} Nd7 17. Bxe7 Qxe7 18. b3 a6 19. Qb2 Rf8 20. d4 {[%emt 0:00:30] The position is equal.} cxd4 21. cxd4 Nb4 22. Rxc8 Rxc8 23. Rc1 Rxc1 24. Qxc1 Nb8 25. Nb1 N8c6 26. Na3 Na2 27. Qb2 Ncb4 28. Nc2 Qc7 29. Nxb4 Nxb4 30. Ne1 a5 31. Bb5 Bc8 32. Qd2 Bd7 33. Bxd7 Qxd7 $11 {[%emt 0:00:30][%mdl 4096] Endgame KQN-KQN} 34. Nc2 Qe7 35. Nxb4 Qxb4 36. Qxb4 axb4 {[%emt 0:00:00] KP-KP} 37. f4 g6 38. Kf2 Kg7 39. Kf3 Kh7 40. Kg4 Kg7 41. Kh4 Kh7 42. Kg4 Kg7 43. Kh4 {[%emt 0:00:30] Weighted Error Value: White=0.06 (flawless) /Black=0.05 (flawless)} 1/2-1/2

[Event "Bangabandhu Premier Div League 2022"]
[Site "Dhaka"]
[Date "2022.12.07"]
[Round "8.2"]
[White "Ghosh, Diptayan"]
[Black "Rahman, Siddiqur"]
[Result "1-0"]
[ECO "D15"]
[WhiteElo "2544"]
[BlackElo "1970"]
[Annotator "TA"]
[PlyCount "77"]
[EventDate "2022.12.01"]
[EventCountry "BAN"]
[SourceTitle "playchess.com"]
[Source "ChessBase"]
[SourceQuality "1"]
[TimeControl "40/5400+30:1800+30"]

1. d4 d5 2. c4 c6 3. Nc3 Nf6 4. e3 e6 5. Nf3 a6 6. b3 b5 7. Bd3 Bb4 {[%emt 0:04:05] D15: Slav Defence: 4 Nc3 a6 and gambit lines after 4 Nc3 dxc4.} 8. Bd2 O-O 9. O-O {[%emt 0:00:30][%cal Oc3d5] [#]} Ba5 $146 {[%emt 0:05:48] White is slightly better.} ({Predecessor:} 9... Nbd7 10. Qc2 Bd6 11. Rfe1 bxc4 12. bxc4 c5 13. cxd5 exd5 14. dxc5 Nxc5 15. Be2 Bg4 {1-0 (108) Molina,R (2434)-Coto Mederos,M (2348) Chess.com INT 2021}) 10. Qc2 Bb7 11. c5 Nbd7 12. Ne2 Bc7 13. Bc3 (13. a4 $16) 13... h6 (13... a5 $1 $11) 14. h3 ({White should try} 14. a4 $1 $16) 14... Qb8 {[%emt 0:01:30] [#]} (14... a5 $14) 15. a4 $1 $16 Re8 16. b4 e5 17. dxe5 Nxe5 18. Nxe5 Bxe5 19. Bxe5 Qxe5 20. Nd4 Ne4 21. Ra3 (21. Rfd1 {simplifies} Rab8 22. axb5 axb5 23. Bxe4 Qxe4 24. Qxe4 Rxe4 25. Ra7) 21... Rac8 {[%emt 0:03:30] [#]} (21... Rab8 $16 22. axb5 axb5) 22. axb5 $1 $18 cxb5 23. Rfa1 Rc7 (23... g6 $142 24. Bxe4 dxe4) 24. Rxa6 Bxa6 25. Rxa6 Rcc8 26. Qa2 (26. Bxb5 $6 Ra8 27. c6 Qd6 $18) 26... g5 $2 (26... h5 27. Ra7 (27. Nxb5 Nc3 $16) 27... Red8 28. Bxb5 Rc7) 27. Bxb5 (27. Nxb5 Nc3 28. Nxc3 Qxc3 $18) 27... Nc3 28. Qa3 Nxb5 29. Nxb5 Rb8 30. Nd4 Qe4 31. b5 h5 32. c6 g4 33. Qd6 Qb1+ 34. Kh2 {[%emt 0:00:00] Threatens to win with c7. Active counter play!} gxh3 35. Qg3+ Kh7 36. Qxh3 (36. c7 $142 hxg2 37. Qxg2 (37. cxb8=B $2 Qh1#)) 36... Rh8 37. c7 (37. Qxh5+ Kg7 38. g4 Rxh5+ $19) 37... Rbc8 38. Rc6 (38. Qxh5+ $2 Kg7 $19) (38. Nf5 $142 Qe4 39. Rh6+ Kg8 40. Rxh8+ Kxh8 41. Qxh5+ Kg8 42. Qg5+ Kf8 43. Qg7+ Ke8 44. Qg8+ Kd7 45. Qxf7+ Qe7 46. Qxe7#) 38... Qe4 39. b6 {[%emt 0:00:00] Weighted Error Value: White=0.05 (flawless) /Black=0.56} ({Inferior is} 39. Qxh5+ Kg7 $11) (39. Nf5 $142 Qg4 40. Rh6+ Kg8 41. b6 Qxh3+ 42. Kxh3 Rxh6 43. b7 Rxc7 44. b8=Q+ (44. b8=B $2 {loses.} Rf6 $19) 44... Kh7 45. Qxc7) 1-0

[Event "Bangabandhu Premier Div League 2022"]
[Site "Dhaka"]
[Date "2022.12.07"]
[Round "8.2"]
[White "Koustav Chatterjee"]
[Black "Muthaiah AL"]
[Result "0-1"]
[ECO "A17"]
[WhiteElo "2496"]
[BlackElo "2454"]
[Annotator "TA"]
[PlyCount "80"]
[EventDate "2022.11.30"]
[EventType "team-tourn"]
[EventCountry "BAN"]
[SourceTitle "playchess.com"]
[Source "ChessBase"]
[SourceQuality "1"]
[TimeControl "40/5400+30:1800+30"]

1. Nf3 d5 2. e3 Nf6 3. c4 e6 4. Nc3 c5 5. cxd5 Nxd5 6. Qc2 {[%emt 0:12:59] A17: English Opening: 1...Nf6 with ...Bb4.} Nc6 7. b3 Be7 8. Bb2 {[%emt 0:00:07] The position is equal.} O-O 9. h4 f5 10. Be2 b6 {[%emt 0:10:32] [#]} 11. g4 $146 (11. Rd1 $11) ({Predecessor:} 11. Nxd5 exd5 12. h5 Bf6 13. h6 g6 14. O-O d4 15. exd4 Nxd4 16. Nxd4 Bxd4 17. Bf3 {1-0 (26) Andreikin,D (2702)-Steinbuerg,K (2427) Chess.com INT 2018}) 11... Ndb4 $17 (11... fxg4 $6 12. Ng5 Rf5 13. Qe4 Nxc3 14. Bxc3 $15) 12. Qb1 Ba6 {[%emt 0:00:12] Black has more active pieces. The white rooks are badly placed.} (12... fxg4 13. Ng5 Rf5 14. Bc4 Bxg5 15. hxg5 (15. Qxf5 Bf6 $11) 15... Qxg5 16. Ne4 $11) (12... Bb7 $1 $17 {[%cal Oc6d4] White must now prevent ...Nd4!} 13. a3 Nd4 $1 14. exd4 cxd4 15. axb4 dxc3 16. Bxc3 (16. dxc3 $2 fxg4 17. Qd3 Qxd3 $19) 16... fxg4) 13. Bxa6 $15 Nxa6 14. gxf5 exf5 (14... Nab4 {is interesting.} 15. Ke2 Rxf5 16. a3 Qd7) 15. Ne2 Nab4 (15... Qd5 $5 16. Rh3 Nab4 $15) 16. Nf4 {[%emt 0:01:42] Inhibits Nd3+. Hoping for Rg1.} (16. Rg1 {with more complications.} Rf7 17. Nf4 Qd6 18. Ke2) 16... Bf6 (16... Qd6 {seems wilder.} 17. Rg1 Rf7 18. Ke2 Nd5) 17. Rg1 {[%emt 0:05:56] a3 is the strong threat.} Qd7 (17... Bxh4 $2 18. Bxg7 Ne7 19. Bxf8+ Ng6 20. Nxg6 Nd3+ 21. Qxd3 $3 Qxd3 22. Nf4+ Kxf8 23. Nxd3 $18) 18. a3 Nd5 19. Nh5 ({White should try} 19. Bxf6 $11 Rxf6 20. Qd3) 19... Bxb2 20. Qxb2 g6 21. O-O-O Rae8 22. d4 cxd4 ({Better is} 22... Qe7 $1 $15) 23. Nxd4 $11 Ne5 {[%emt 0:00:00] Threatens to win with ...Rc8+.} 24. Ne2 Qb5 $36 {[%emt 0:00:00][%cal Of5f4][%mdl 2048] Strongly threatening ...f4! Black is more active. Dancing on a razor blade.} 25. Kb1 $2 {[%emt 0:00:35] [#]} (25. Nhf4 $1 $11) 25... Qxe2 $3 $19 26. Rxd5 (26. Nf6+ $2 Rxf6 27. Rxd5 Qxb2+ 28. Kxb2 f4 $19) 26... Qxh5 27. Rxe5 Qxh4 28. Rxe8 Rxe8 {[%emt 0:00:02][%mdl 4096] Endgame KQR-KQR} 29. Rc1 Qe7 {[%emt 0:01:44] Inhibits Rc7.} 30. Ka2 (30. Rc4 $142) 30... Rd8 31. a4 h5 32. Rc6 Kh7 33. f4 Rd7 (33... Qxe3 34. Rc7+) 34. Qg2 Qg7 {[%emt 0:00:44] aiming for ...Rd1.} (34... Qxe3 {gets mated.} 35. Qxg6+ (35. Rxg6 Rd2+) 35... Kh8 36. Rc8+) 35. Rc2 (35. Qc2 $142) 35... Rd1 36. Rb2 Qe7 37. Qg3 {[%emt 0:01:45] Inhibits Re1.} (37. Qe2 Rc1 38. Qd2) 37... Rd3 {[%emt 0:00:23] Black is clearly winning.} 38. Rc2 Rxe3 (38... Qxe3 39. Rc7+ Kh8 40. Qg5 (40. Qxg6 Qd2+ 41. Ka3 Rxb3+ 42. Kxb3 Qd3+ 43. Rc3 Qd1+ 44. Ka3 Qa1+ 45. Kb4 Qb1+ 46. Kc4 Qa2+ 47. Kb5 Qb2+ 48. Ka6 Qxc3 $11) 40... Qe2+ 41. Ka3 $18) 39. Qg2 Qf7 40. Rc4 Qe7 $2 {[%emt 0:00:46][%mdl 32768] Weighted Error Value: White=0.35/Black=0.13 (very precise) . Loss on time!?} (40... h4 $19 41. Qb2 Qg7) 0-1

[Event "Bangabandhu Premier Div League 2022"]
[Site "Dhaka"]
[Date "2022.12.07"]
[Round "8.3"]
[White "Harikrishnan.A.Ra"]
[Black "Rahman, Syed Mahfuzur"]
[Result "1-0"]
[ECO "D02"]
[WhiteElo "2409"]
[BlackElo "2130"]
[Annotator "TA"]
[PlyCount "79"]
[EventDate "2022.11.30"]
[EventType "team-tourn"]
[EventCountry "BAN"]
[SourceTitle "playchess.com"]
[Source "ChessBase"]
[SourceQuality "1"]
[TimeControl "40/5400+30:1800+30"]

1. d4 d5 2. Nf3 Nf6 3. c3 Bf5 4. Qb3 Qc8 5. c4 dxc4 6. Qxc4 {[%emt 0:00:02] D02: 1 d4 d5 2 Nf3 sidelines, including 2...Nf6 3 g3 and 2...Nf6 3 Bf4.} e6 7. Nc3 Nbd7 8. g3 {[%emt 0:02:05] [#] The position is equal.} Nb6 $146 ({Predecessor:} 8... c6 9. Bg2 b5 10. Qb3 b4 11. Na4 Be4 12. O-O Qa6 13. Re1 Be7 14. Bd2 Rb8 {½-½ (23) Karhanek,P (2144)-Musaev,M (2178) Pardubice 2006}) 9. Qb3 a5 10. e3 h6 11. Bg2 Nbd5 (11... Bd3 $11) 12. a3 (12. Ne5 $14) 12... c6 13. O-O Be7 14. Nd2 Nxc3 15. bxc3 Bd3 {[%emt 0:00:27] Inhibits a4.} 16. Re1 a4 {[%emt 0:00:05] Inhibits c4.} 17. Qb2 O-O 18. e4 (18. c4 $5 ) 18... Qd7 (18... c5 $5) 19. e5 (19. Nf3 $5 Qe8 20. Ne5 $14) 19... Ne8 20. Ne4 Nc7 21. Qd2 (21. Qxb7 $2 {loses.} Rfb8 22. Nc5 Bxc5 23. Qxc6 Qxc6 24. Bxc6 Ra6 $19) 21... Bc4 22. Qf4 Nd5 23. Qg4 Kh7 24. Qh5 (24. Qh3 $5 ) 24... Qe8 25. Nd2 Bd3 26. c4 Nc7 27. Qf3 Bg6 28. Ne4 Qd7 29. Bb2 {[%emt 0:07:26] White is more active.} b5 30. h4 ({Better is} 30. c5 $11) 30... Kh8 (30... bxc4 $15 31. Rac1 Rfb8) 31. h5 ({White should play} 31. cxb5 $14 cxb5 32. Nf6 $1 (32. Nc5 Bxc5 33. dxc5 Nd5 $14)) 31... Bh7 {[%emt 0:00:28] [#]} (31... Bxe4 $1 $11 {keeps the balance.} 32. Qxe4 bxc4) 32. Rac1 (32. Nf6 $1 $16 gxf6 33. exf6) 32... Rab8 33. Qe2 Rfc8 34. Rc2 b4 35. axb4 Bxb4 36. Rd1 Na6 37. Ra1 a3 $1 {[%emt 0:00:49] White is slightly better.} 38. Bxa3 {[%emt 0:00:20] Hoping for Bc1.} ({Don't play} 38. Bc3 c5 39. Rcc1 Bxc3 40. Rxc3 Rb2 $17) 38... Qxd4 39. Bb2 Qb6 40. Bc1 {[%emt 0:00:00][%mdl 32768] Weighted Error Value: White=0.19 (very precise) /Black=0.22 (precise) . Loss on time!?} 1-0

[Event "Bangabandhu Premier Div League 2022"]
[Site "Dhaka"]
[Date "2022.12.07"]
[Round "8.3"]
[White "Nayan Kumar, Mohanto"]
[Black "Mitrabha, Guha"]
[Result "0-1"]
[ECO "A46"]
[WhiteElo "1976"]
[BlackElo "2474"]
[Annotator "TA"]
[PlyCount "76"]
[EventDate "2022.12.01"]
[EventCountry "BAN"]
[SourceTitle "playchess.com"]
[Source "ChessBase"]
[SourceQuality "1"]
[TimeControl "40/5400+30:1800+30"]

1. d4 Nf6 2. Nf3 e6 3. g3 b5 4. a4 b4 5. c4 bxc3 6. Nxc3 {[%emt 0:00:30] A46: 1 d4 Nf6 2 Nf3 e6: Torre, London and Colle Systems.} d5 {[%emt 0:00:30] [#]} 7. Bg5 $146 ({Predecessor:} 7. Bg2 Bb7 8. O-O Nbd7 9. Bf4 Be7 10. Nb5 O-O 11. Bxc7 Qc8 12. Rc1 Ne4 13. Nd2 Nxd2 14. Qxd2 {1-0 (19) Rios Escobar,A (2276)-Hambleton,A (2454) Chess.com INT 2022}) 7... Nbd7 8. Ne5 {[%emt 0:00:30] The position is equal.} Nxe5 9. dxe5 h6 $1 10. Bxf6 gxf6 11. Qd4 (11. exf6 $15 Rb8 12. Qc2) 11... Bg7 12. exf6 Qxf6 13. Qc5 {[#] And now Qc6+ would win.} Bd7 {[%emt 0:01:00] Inhibits Qc6.} 14. Rc1 c6 15. Bg2 Qe7 16. Qa5 O-O 17. O-O Rfb8 {[%emt 0:00:30][%cal Bf8b8,Bb8b6,Bb6b3][%mdl 32] Inhibits b4.} 18. Rc2 Qb4 19. Qa6 Rb6 $36 {[%emt 0:00:30][%mdl 2048] Black is on the roll.} 20. Qd3 Qd4 {[%emt 0:00:30] Against Ne4} 21. Qf3 Rab8 {[%emt 0:00:30][%cal Ba8b8,Bb8b4,Bb4a4][%mdl 32] Black is more active.} 22. Rb1 {[%emt 0:00:00] [#]} (22. Rd1 $17 {was necessary.} Qe5 23. Rdd2) 22... Rb3 $1 $19 23. Bf1 Qf6 {[%emt 0:00:30] Prevents e4.} 24. Qxf6 Bxf6 25. Nd1 R8b4 26. a5 Ra4 27. a6 Rxa6 28. e4 Ra4 29. Bg2 a5 (29... dxe4 $2 30. Re2 $19) 30. Rd2 Rab4 31. Kf1 a4 {[%emt 0:00:00] Hoping for ...a3.} 32. Ra1 Bc8 (32... Bxb2 $2 33. Nxb2 Rxb2 34. Rxb2 Rxb2 35. Rxa4 $19) 33. Rc2 $2 (33. Ke1) 33... Ba6+ (33... dxe4 $2 {loses.} 34. Ke1 $19) 34. Ke1 Bb5 {[%emt 0:00:30] This pair of bishops is nice.} (34... dxe4 $2 {perishes.} 35. Rxc6 Bd3 36. Rcc1 $19) 35. exd5 exd5 (35... cxd5 $2 {is the wrong capture.} 36. Rd2) 36. Ra2 Kf8 37. Bf1 $2 (37. f4 {might work better.}) 37... Re4+ 38. Be2 d4 {[%emt 0:00:00] Weighted Error Value: White=0.40/Black=0.07 (flawless)} 0-1

[Event "Bangabandhu Premier Div League 2022"]
[Site "Dhaka"]
[Date "2022.12.07"]
[Round "8.4"]
[White "Mohammad Nubairshah Shaikh"]
[Black "Asif, Mahmud"]
[Result "1/2-1/2"]
[ECO "D78"]
[WhiteElo "2439"]
[BlackElo "1926"]
[Annotator "TA"]
[PlyCount "163"]
[EventDate "2022.11.30"]
[EventType "team-tourn"]
[EventCountry "BAN"]
[SourceTitle "playchess.com"]
[Source "ChessBase"]
[SourceQuality "1"]
[TimeControl "40/5400+30:1800+30"]

1. Nf3 d5 2. g3 Nf6 3. Bg2 g6 4. c4 c6 5. b3 Bg7 6. Bb2 O-O 7. O-O Nbd7 8. d4 b6 {[%emt 0:05:16] Recently 8...b5 got a lot of attention.} 9. Nc3 {[%emt 0:15:57] D78: Fianchetto Grünfeld: 6 0-0 c6.} Bb7 10. Nd2 {[%emt 0:09:54] [#]} e5 $146 ({Predecessor:} 10... Rc8 11. e4 dxe4 12. Ndxe4 Nxe4 13. Bxe4 Qc7 14. Re1 Rfd8 15. Bg2 Nf8 16. Qe2 Rxd4 {1-0 (59) Gajewski,G (2615)-Stefansson,H (2574) Reykjavik 2017}) 11. dxe5 Nxe5 12. cxd5 (12. Nxd5 $5 Nxd5 13. cxd5 $11) 12... Nxd5 13. Nxd5 cxd5 14. Rb1 Re8 15. Nf3 Qe7 16. Nd4 Rad8 17. Qd2 Nc6 ({Black should try} 17... Nd7 $11) 18. e3 Nxd4 19. Bxd4 Bxd4 20. Qxd4 Qe5 21. Rfd1 Qxd4 22. Rxd4 Rc8 23. Bxd5 Bxd5 24. Rxd5 $14 {[%emt 0:00:01][%mdl 4096] Endgame KRR-KRR} Rc2 25. a4 Rec8 26. Rbd1 Kg7 27. R1d4 R8c7 28. Rf4 R2c5 29. Rxc5 {[%emt 0:04:58] White is more active.} Rxc5 $16 {[%emt 0:00:09] KR-KR} 30. Rc4 {[%emt 0:00:04] Rxc5 is the strong threat.} Rd5 31. Rd4 Rc5 32. b4 Rc1+ 33. Kg2 a6 34. Rd6 Ra1 35. a5 bxa5 36. Rxa6 a4 37. g4 g5 38. Kf3 a3 39. Ke4 a2 40. Kf5 (40. b5 {simplifies} Rb1 41. Rxa2 Rxb5 42. Kf3) 40... h6 41. e4 Rb1 $1 42. Rxa2 {[%emt 0:00:02] [#] Threatens to win with Ra4.} Rxb4 43. h4 (43. f4 $5 ) 43... Rb3 {[%emt 0:07:59] The position is equal.} 44. f4 gxh4 45. e5 Re3 46. g5 (46. Rh2 $5) 46... hxg5 47. Kxg5 h3 48. Rh2 Rb3 49. Rh1 Ra3 50. Kg4 Kg6 51. f5+ Kh6 52. Rh2 Rb3 53. Rf2 Kg7 54. Re2 Rc3 55. Ra2 Re3 56. Kf4 Rb3 57. Rh2 Rc3 58. Rh1 Rc4+ 59. Kg5 Rc3 60. Rh2 Ra3 61. Kg4 Re3 62. Kf4 Ra3 63. Re2 Rb3 64. Rc2 Ra3 65. Rb2 Rc3 66. Rh2 Ra3 67. Rh1 Ra4+ 68. Kg5 Ra3 69. Kg4 Re3 70. Kf4 Ra3 71. Rg1+ Kh6 72. Kg4 Kg7 (72... h2 {looks sharper.} 73. Rh1 Ra2 74. e6 fxe6 75. fxe6 Kg7) 73. Rh1 Re3 74. Kf4 Ra3 75. Rg1+ Kh6 76. e6 fxe6 77. fxe6 h2 78. Re1 {[%emt 0:00:01] [#] e7 would kill now.} Kg7 79. e7 Ra8 80. Rh1 Kf7 81. Rxh2 Kxe7 82. Ke4 {[%emt 0:00:34] Weighted Error Value: White=0.07 (flawless) /Black=0.06 (flawless)} 1/2-1/2

[Event "Bangabandhu Premier Div League 2022"]
[Site "Dhaka"]
[Date "2022.12.07"]
[Round "8.4"]
[White "Chatterjee, Debaraj"]
[Black "Swarnavo Choudhury"]
[Result "1-0"]
[ECO "E07"]
[WhiteElo "2196"]
[BlackElo "1977"]
[Annotator "TA"]
[PlyCount "53"]
[EventDate "2022.12.01"]
[EventCountry "BAN"]
[SourceTitle "playchess.com"]
[Source "ChessBase"]
[SourceQuality "1"]
[TimeControl "40/5400+30:1800+30"]

1. d4 d5 2. c4 e6 3. Nf3 Nf6 4. g3 Be7 5. Bg2 O-O 6. O-O c6 7. Nfd2 b6 8. Nc3 Bb7 9. e4 dxe4 10. Ndxe4 Nbd7 11. Qe2 {[%emt 0:00:30] E07: Closed Catalan: Main Line (5 Nf3 0-0 6 0-0 Nbd7).} Nxe4 12. Nxe4 Nf6 13. Be3 {White is slightly better.} Nxe4 14. Bxe4 {[%emt 0:00:00] [#]} Qc7 $146 ({Predecessor:} 14... Bf6 15. Rad1 Qe7 16. c5 Rfd8 17. b4 b5 18. Qf3 Rdc8 19. Bf4 g6 20. Be5 Bg7 {1-0 (32) Dankhazi,A (2267)-Laza,S (2168) Zalakaros 2016}) 15. c5 f5 16. Bc2 e5 17. f4 (17. Rad1 $16) 17... exd4 (17... e4 $11 {remains equal.}) 18. Bxd4 $16 Bf6 ({Better is} 18... Bxc5 19. Bxc5 bxc5) 19. Bxf6 {[%emt 0:00:00] White is more active.} Rxf6 20. Rfe1 Raf8 $2 {[%emt 0:00:00][%mdl 8192] Black cannot hold the game after this.} (20... bxc5 $16 21. Qc4+ Kh8) 21. Qe7 Qb8 (21... Qxe7 22. Rxe7 Rb8) 22. Rad1 {[%emt 0:00:00] [#] Threatening mate with Rd7.} Ba6 23. Rd7 {[%emt 0:00:00][%csl Gd7,LRa7,LRg7][%cal Re7g7] White mates.} Rg6 24. Bb3+ Kh8 25. Red1 Qe8 26. Qxe8 ({Weaker is} 26. Rxa7 Qxe7 27. Rxe7 bxc5 $18) 26... Rxe8 27. Rd8 {[%emt 0:00:00] Weighted Error Value: White=0.24 (precise) /Black=0.60} 1-0

[Event "Bangabandhu Premier Div League 2022"]
[Site "Dhaka"]
[Date "2022.12.07"]
[Round "8.5"]
[White "Mohammad Fahad, Rahman"]
[Black "Md, Mesbah Uddin"]
[Result "1-0"]
[ECO "D38"]
[WhiteElo "2380"]
[BlackElo "1778"]
[Annotator "TA"]
[PlyCount "47"]
[EventDate "2022.11.30"]
[EventType "team-tourn"]
[EventCountry "BAN"]
[SourceTitle "playchess.com"]
[Source "ChessBase"]
[SourceQuality "1"]
[TimeControl "40/5400+30:1800+30"]

1. Nf3 d5 2. d4 Nf6 3. c4 e6 4. Nc3 Bb4 5. Qa4+ Nc6 6. e3 Ne4 {[%emt 0:02:40] D38: Queen's Gambit Declined: Ragozin Defence (4 Nf3 Bb4).} (6... O-O {simplifies} 7. Bd2 dxc4 8. Bxc4 Bd6) 7. Bd2 Nxd2 8. Nxd2 {[%emt 0:00:03] [#]} Bxc3 $146 {[%emt 0:01:08] White has an edge.} ({Predecessor:} 8... O-O 9. cxd5 exd5 10. Bd3 Qg5 11. Kf1 Bf5 12. Qc2 Bxd3+ 13. Qxd3 a6 14. h4 Qg6 15. Qxg6 hxg6 {½-½ (46) Krstic,A (2051)-Nikolic,Z (2102) Nis 2022}) 9. bxc3 O-O 10. Nf3 Ne7 11. Qc2 b6 12. Bd3 f5 13. cxd5 Nxd5 14. O-O a5 15. Rfe1 Ba6 16. Bxa6 Rxa6 17. e4 (17. Rab1 $16) 17... fxe4 $11 18. Qxe4 b5 19. Rac1 Nf4 20. c4 b4 21. Re3 c5 (21... Qa8 $11 {remains equal.}) 22. dxc5 $16 Qc7 $2 {[%emt 0:00:11] Against c6} (22... Qa8 $16 {keeps fighting.}) 23. Ng5 $18 Rf5 $2 {[%emt 0:08:27] [#]} (23... g6 24. g3 h6) 24. Qxf5 $3 {[%emt 0:00:12][%mdl 512] Weighted Error Value: White=0.10 (very precise) /Black=0.37} 1-0

[Event "Bangabandhu Premier Div League 2022"]
[Site "Dhaka"]
[Date "2022.12.07"]
[Round "8.5"]
[White "Aaryan Varshney"]
[Black "Murshed, Niaz"]
[Result "1-0"]
[ECO "E11"]
[WhiteElo "2312"]
[BlackElo "2419"]
[Annotator "TA"]
[PlyCount "81"]
[EventDate "2022.12.01"]
[EventCountry "BAN"]
[SourceTitle "playchess.com"]
[Source "ChessBase"]
[SourceQuality "1"]
[TimeControl "40/5400+30:1800+30"]

1. d4 Nf6 2. c4 e6 3. Nf3 Bb4+ 4. Bd2 a5 5. g3 O-O 6. Bg2 d6 7. O-O Bxd2 8. Qxd2 Nbd7 {[%emt 0:00:00] The main line 8...Nbd7 scores better than 8...Qe7.} 9. Nc3 e5 10. Rad1 {[%emt 0:02:00] E11: Bogo-Indian.} Qe7 11. e4 c6 12. b3 {[%emt 0:01:00] [#] White is slightly better.} a4 $146 ({Predecessor:} 12... Re8 13. Rfe1 Nf8 14. h3 Ng6 15. Nh2 h5 16. h4 Ng4 17. Nf1 f5 18. exf5 Bxf5 19. dxe5 dxe5 20. Ne4 Rad8 21. Nd6 Be6 22. Qg5 Qxg5 23. hxg5 {1-0 (23) Rodshtein,M (2459)-Van Midde,J (2064) Vlissingen 2005}) 13. Rfe1 ({But not} 13. bxa4 Nb6 $11) 13... axb3 14. axb3 Re8 15. h3 g6 16. Qb2 Qd8 17. Kh2 Qc7 18. Na4 Nh5 19. Qd2 Ng7 20. Ra1 (20. d5 {with more complications.} cxd5 21. Qxd5 Nb6 22. Nxb6 Qxb6 23. Qxd6 Qxf2 24. Rd2) 20... Qb8 21. dxe5 dxe5 22. c5 b5 23. cxb6 {[%emt 0:00:00] White is more active.} Nxb6 24. Nc5 ({White should play} 24. Rec1 $16) 24... Rxa1 $1 $14 25. Rxa1 Ne6 26. Qc3 Qd6 27. Nxe6 Qxe6 28. Ra5 f6 29. Qb4 $36 {[%emt 0:00:00][%mdl 2048] Black is under strong pressure.} Nd7 30. Bf1 c5 {[%emt 0:00:00] [#]} 31. Rxc5 {[%emt 0:00:00] Black must now prevent Bc4.} Kh8 (31... Nxc5 $2 32. Bc4 Kg7 33. Bxe6 Nxe6 34. Qb8 $18) (31... Ba6 $16 32. Bc4 Bxc4 33. Rxc4 Rb8) 32. Rc7 $18 Nf8 33. g4 {[%emt 0:00:00] Threatens to win with Bc4.} Ba6 34. Bxa6 Qxa6 35. Re7 Rc8 (35... Rxe7 36. Qxe7 Kg8) 36. Rf7 Kg8 37. Qe7 {[%emt 0:00:00] White wants to mate with Rg7+.} Qb6 38. Kg3 {[%emt 0:01:00] White threatens Rg7+ and mate.} (38. Rxf6 $2 {leads to mate.} Qxf2+ 39. Kh1 Rc1+) 38... Qxb3 39. Rg7+ {[%emt 0:00:00] White mates.} Kh8 40. Qxf6 Qe6 {[%emt 0:00:00] [#]} 41. Rxh7+ $3 {[%emt 0:22:21][%mdl 512] Weighted Error Value: White=0.08 (flawless) /Black=0.38} 1-0